 Dungeon Crawl Stone Soup version 0.27.0-1-g7a089689b8 (webtiles) character file.

Game seed: 14166058728315764266

498 MirrMurr the Skirmisher (level 7, -2/46 HPs)
             Began as a Gargoyle Hunter on Aug 7, 2021.
             Was a Follower of Okawaru.
             Slain by a killer bee (5 damage)
             ... on level 7 of the Dungeon.
             The game lasted 00:06:32 (4710 turns).

MirrMurr the Skirmisher (Gargoyle Hunter)           Turns: 4710, Time: 00:06:33

Health: -2/46      AC: 12    Str: 17    XL:     7   Next: 16%
Magic:  7/7        EV: 10    Int: 12    God:    Okawaru [*.....]
Gold:   184        SH:  0    Dex: 10    Spells: 6/6 levels left

rFire    . . .     SeeInvis .   a - +1 flail (vorpal)
rCold    . . .     Faith    .   (no shield)
rNeg     + . .     Spirit   .   A - +0 scale mail
rPois    ∞         Reflect  .   (no helmet)
rElec    +         Harm     .   (no cloak)
rCorr    .         Rampage  .   n - +0 pair of gloves
Will     .....                  j - +0 pair of boots
Stlth    ..........             (no amulet)
HPRegen  0.15/turn              (no ring)
MPRegen  0.10/turn              (no ring)

@: no status effects
A: sickness immunity, AC +4, negative energy resistance 1, electricity
resistance, torment resistance 1, petrification resistance
a: Renounce Religion, Heroism


You were on level 7 of the Dungeon.
You worshipped Okawaru.
Okawaru was aware of your devotion.
You visited 2 branches of the dungeon, and saw 6 of its levels.

You collected 184 gold pieces.

Inventory:

Hand Weapons
 a - a +1 vorpal flail (weapon)
 b - a +0 hunting sling
 w - a +0 spear
Missiles
 c - 5 javelins
 d - 2 throwing nets
 k - 57 sling bullets
 l - 83 stones (quivered)
Armour
 j - a +0 pair of boots (worn)
 n - a +0 pair of gloves (worn)
 A - a +0 scale mail (worn)
Jewellery
 z - an amulet of the acrobat
Wands
 r - a wand of acid (13)
Scrolls
 f - a scroll of summoning {unknown}
 i - 2 scrolls of identify {unknown}
 q - a scroll of acquirement {unknown}
 s - 2 scrolls of noise {unknown}
 t - 3 scrolls of teleportation {unknown}
 u - a scroll of vulnerability {unknown}
 y - a scroll of immolation {unknown}
Potions
 e - a potion of degeneration {unknown}
 g - a potion of resistance {unknown}
 h - 3 potions of haste
 m - a potion of lignification {unknown}
 o - a potion of heal wounds {unknown}
 v - a potion of brilliance {unknown}
 x - a potion of cancellation {unknown}


   Skills:
 * Level 6.0 Fighting
 + Level 4.9 Throwing
 + Level 3.3 Dodging
 - Level 1.4 Stealth


You had 6 spell levels left.
You didn't know any spells.
Your spell library contained the following spells:

 Spells                   Type           Power      Damage    Failure   Level
 Sandblast                Erth           0%         2d4       77%         1
 Passwall                 Tmut/Erth      0%         N/A       88%         2
 Olgreb's Toxic Radiance  Pois           0%         N/A       100%        4
 Lee's Rapid Deconstruct  Erth           0%         3d5*      100%        5
 Ozocubu's Refrigeration  Ice            0%         4d5       100%        7
 Ignition                 Fire           0%         3d3       100%        8


Dungeon Overview and Level Annotations

Branches:
Dungeon (4/15)             Temple (1/1) D:4

Altars:
Ashenzari
Cheibriados
Dithmenos
Elyvilon
Fedhas
Gozag
Hepliaklqana
Kikubaaqudgha
Makhleb
Nemelex Xobeh
Okawaru
Qazlal
Ru
Sif Muna
Trog
Uskayaw
Vehumet
Xom
Yredelemnul
Zin
The Shining One


Innate Abilities, Weirdness & Mutations

You are immune to sickness and miasma.
Your stone body is resilient. (AC +4)
You are immune to poison.
You resist negative energy. (rN+)
You are resistant to electric shocks. (rElec)
You are resistant to unholy torment.
You are immune to petrification.


Message History

The killer bee closely misses you.
The killer bee stings you but does no damage.
The killer bee stings you.
The killer bee stings you but does no damage. x2
Unknown command.
You closely miss the killer bee.
The killer bee is heavily wounded.
The killer bee stings you.
The killer bee stings you but does no damage.
The killer bee stings you.
* * * LOW HITPOINT WARNING * * *
The killer bee stings you but does no damage.
The killer bee closely misses you. The killer bee stings you.
* * * LOW HITPOINT WARNING * * *
You barely miss the killer bee.
The killer bee is heavily wounded.
The killer bee barely misses you. x2
The killer bee stings you but does no damage. x3
The killer bee closely misses you.
You miss the killer bee.
The killer bee is heavily wounded.
The killer bee stings you but does no damage.
The killer bee closely misses you. The killer bee barely misses you. x2
The killer bee stings you.
* * * LOW HITPOINT WARNING * * *
Unknown command.
You sock the killer bee!
You kill the killer bee!
Okawaru accepts your kill.
The killer bee stings you but does no damage.
The killer bee barely misses you. The killer bee closely misses you.
The killer bee stings you but does no damage.
The killer bee stings you.
* * * LOW HITPOINT WARNING * * *
Your Fighting skill increases to level 6!
You barely miss the killer bee.
The killer bee stings you but does no damage. x4
The killer bee closely misses you.
You closely miss the killer bee. The killer bee stings you.
You die...

###################
#..[..yyh..........
#.....@#'''#..#....
#.....##y..##.# .
#....##.....###
######...>...#
#...)...# #..>.>..#
##.....## ##...##
#####


You could see a hound and 2 killer bees.

Vanquished Creatures
  Menkaure (D:4)
  An ice beast (D:4)
  An ogre (D:7)
  A scorpion (D:4)
  A killer bee (D:7)
  A jelly (D:4)
  An adder (D:2)
  3 worms
  An adder skeleton (D:4)
  4 orcs (D:3)
  2 endoplasms
  A giant cockroach (D:4)
  6 goblins
  8 hobgoblins
  2 jackals (D:1)
  3 kobolds
  6 ball pythons
  2 bats
  2 frilled lizards (D:2)
  4 rats
51 creatures vanquished.

Notes
Turn   | Place    | Note
-------+----------+-------------------------------------------
     0 | D:1      | MirrMurr the Gargoyle Hunter began the quest for the Orb.
     0 | D:1      | Reached XP level 1. HP: 12/12 MP: 1/1
   277 | D:1      | Reached XP level 2. HP: 11/18 MP: 2/2
   439 | D:1      | Found a faded altar of an unknown god.
  1231 | D:2      | Reached skill level 3 in Fighting
  1256 | D:2      | Reached XP level 3. HP: 23/23 MP: 3/3
  2550 | D:4      | Noticed Menkaure
  2606 | D:3      | Reached XP level 4. HP: 17/28 MP: 4/4
  2851 | D:4      | Noticed a scorpion
  2865 | D:4      | Killed a scorpion
  2866 | D:4      | Reached skill level 4 in Fighting
  3188 | D:4      | Reached XP level 5. HP: 33/33 MP: 5/5
  3198 | D:4      | Killed Menkaure
  3199 | D:4      | Reached XP level 6. HP: 33/40 MP: 6/6
  3307 | D:4      | Found a staircase to the Ecumenical Temple.
  3313 | Temple   | Entered the Ecumenical Temple
  3428 | Temple   | Became a worshipper of Warmaster Okawaru
  3494 | D:4      | Reached skill level 5 in Fighting
  3589 | D:4      | Noticed an ice beast
  3605 | D:4      | Killed an ice beast
  4216 | D:4      | You fall into a shaft and drop 3 floors!
  4225 | D:7      | Reached * piety under Okawaru
  4226 | D:7      | Reached XP level 7. HP: 6/45 MP: 7/7
  4709 | D:7      | Reached skill level 6 in Fighting
  4710 | D:7      | Slain by a killer bee

Illustrated notes

Levels and vault maps discovered:
D:1:      dpeg_arrival_more_subterranean_lakeside_camping, layout_rooms,
          dreamdust_ecumenical_altar_grove
D:2:      layout_loops_ring
D:3:      layout_basic, serial_forest, infiniplex_forest_clump_diagonal,
          infiniplex_forest_straight_2, infiniplex_forest_clump_large,
          infiniplex_forest_lined_room_2, infiniplex_forest_lined_ring,
          infiniplex_forest_lined_2, infiniplex_forest_diagonal,
          infiniplex_forest_lined_2
D:4:      layout_layer_cave, minmay_temple_entry_fiery, uniq_menkaure
D:7:      layout_basic, corner_web_ring, kennysheep_windowed_goal, uniq_pikel
Temple:   compressed_dpeg_circular_temple

Skill      XL: |  1  2  3  4  5  6  7 |
---------------+----------------------+-----
Fighting       | 3 4 5 6 |  6.0
Dodging        | 2 3 |  3.3
Throwing       | 4 |  4.9
Stealth        | |  1.4

Action                   |  1- 3 |  4- 6 |  7- 9 || total
-------------------------+-------+-------+-------++-------
Melee: Flail             |    48 |    42 |    17 ||   107
       Spear             |     5 |       |       ||     5
       Short sword       |     4 |       |       ||     4
 Fire: Hunting sling     |    29 |    24 |       ||    53
Throw: Stone             |    19 |     8 |       ||    27
       Javelin           |       |     5 |       ||     5
  Use: Scroll            |     1 |       |       ||     1
       Potion            |       |     1 |       ||     1
Armor: Leather armour    |    23 |    18 |       ||    41
       Scale mail        |       |       |    35 ||    35
Dodge: Dodged            |    46 |    24 |    43 ||   113
